 Dungeon Crawl Stone Soup version 0.31-a0-187-gba352fbbf7 (webtiles) character file.

Game seed: 10497473641446468059

114 qw the Skirmisher (level 4, -2/25 HPs)
             Began as a Deep Elf Hunter on June 22, 2023.
             Slain by an orc
             ... wielding a +0 war axe
              (7 damage)
             ... on level 3 of the Dungeon.
             The game lasted 00:00:48 (1516 turns).

qw the Skirmisher (Deep Elf Hunter)                 Turns: 1516, Time: 00:00:49

Health: -2/25      AC:  3    Str: 10    XL:     4   Next: 67%
Magic:  6/6        EV: 12    Int: 14    God:
Gold:   85         SH:  0    Dex: 18    Spells: 3/3 levels left

rFire   . . .        Y - +0 shortbow (drain)
rCold   . . .        (shield currently unavailable)
rNeg    . . .        c - +0 leather armour
rPois   .            (no helmet)
rElec   .            (no cloak)
rCorr   .            (no gloves)
SInv    +            (no boots)
Will    .....        (no amulet)
Stlth   ++           f - ring of see invisible
HPRegen 0.24/turn    (no ring)
MPRegen 0.10/turn

%: no passive effects
@: no status effects
A: no striking features
a: no special abilities


You were on level 3 of the Dungeon.
You visited 1 branch of the dungeon, and saw 3 of its levels.

You collected 85 gold pieces.


   Skills:
 - Level 1.5 Fighting
 + Level 8.1 Ranged Weapons
 - Level 2.4 Dodging
 - Level 1.2 Stealth


You had 3 spell levels left.
You didn't know any spells.
Your spell library was empty.

Inventory:

Hand Weapons
 Y - a +0 shortbow of draining (weapon)
Armour
 c - a +0 leather armour (worn)
 e - a +0 scale mail
Jewellery
 f - a ring of see invisible (left hand)
Scrolls
 b - a scroll of identify
 g - a scroll of torment {unknown}
Potions
 a - a potion of degeneration {unknown}
 d - a potion of lignification {unknown}

Dungeon Overview and Level Annotations

Branches:
Dungeon (3/15)

Altars:
Elyvilon


Message History

The arrow hits the orc but does no damage.
The orc is severely wounded.
The orc hits you with a +0 dagger.
You shoot an arrow. The arrow hits the orc!
You kill the orc!
An orc comes into view. It is wielding a +0 whip.
1504 ||| FLEEEEING.
Things that are here:
a +0 hand axe; a +0 leather armour
1505 ||| FLEEEEING.
Things that are here:
a +0 whip; an orc corpse
1506 ||| FLEEEEING.
Enter note:
1507 ||| FLEEEEING.
Things that are here:
a +0 short sword; an orc corpse
1508 ||| FLEEEEING.
1509 ||| FLEEEEING.
1510 ||| FLEEEEING.
1511 ||| FLEEEEING.
You shoot an arrow. The arrow closely misses the orc.
You shoot an arrow. The arrow hits the orc.
You drain the orc.
The orc is severely wounded.
The orc priest mumbles some strange prayers to Beogh against you.
Beogh smites you!
Ouch! That really hurt!
The orc barely misses you.
You shoot an arrow. The arrow hits the orc.
The orc is severely wounded.
The orc hits you but does no damage.
You shoot an arrow. The arrow hits the orc.
The orc is almost dead.
The orc hits you with a +0 war axe.
You shoot an arrow. The arrow barely misses the orc.
The arrow closely misses the orc priest.
The arrow closely misses the orc.
The orc priest calls upon Beogh to heal the orc.
The orc is healed somewhat.
The orc hits you with a +0 war axe!
You die...

#...........##.#..#
#...........##.#..#
#.........)o##.#..#
.........o.o)).#..########
............%.))........>#
#...........####o#######.#
#...........# #o# ####.#
############# #o# #....#
#@# #.#### ####+## #.#
#......##.# #......#..#
#....%...## #........#
.......#)# .......#?#
.......#.#


You could see an orc priest and 2 orcs.

Vanquished Creatures
  An orc priest (D:3)
  An adder (D:3)
  A worm (D:2)
  3 dart slugs
  9 orcs (D:3)
  5 ball pythons
  4 endoplasms
  A giant cockroach (D:3)
  5 goblins
  2 hobgoblins
  4 jackals (D:1)
  2 quokkas (D:1)
  8 bats
  3 frilled lizards
  4 kobolds
  5 rats
58 creatures vanquished.

Notes
Turn   | Place    | Note
-------+----------+-------------------------------------------
     0 | D:1      | qw the Deep Elf Hunter began the quest for the Orb.
     0 | D:1      | Reached XP level 1. HP: 12/12 MP: 3/3
     0 | D:1      | 0 ||| qw: Version: 0.3-a-9-g12657ce
     0 | D:1      | 0 ||| qw: Game counter: 2179
     0 | D:1      | 0 ||| qw: Always use a shield: true
     0 | D:1      | 0 ||| qw: God list: Okawaru
     0 | D:1      | 0 ||| qw: Allow faded altars: false
     0 | D:1      | 0 ||| qw: Do Orc after D:15 true
     0 | D:1      | 0 ||| qw: Do second Lair branch before Depths: true
     0 | D:1      | 0 ||| qw: Lair rune preference: random
     0 | D:1      | 0 ||| qw: Plans: Normal
     0 | D:1      | 0 ||| PLANNING D:1-11
   111 | D:1      | Reached skill level 6 in Ranged Weapons
   111 | D:1      | Reached XP level 2. HP: 10/16 MP: 4/4
   583 | D:1      | Reached XP level 3. HP: 20/20 MP: 5/5
   783 | D:1      | 783 ||| UPGRADING to ring of see invisible.
   784 | D:1      | 784 ||| READING scroll labelled KOXKYACR WUPTI.
   785 | D:1      | 785 ||| READING scroll labelled RIYMITOGEB.
   786 | D:1      | 786 ||| READING scroll labelled XIRE NIECOFO.
   787 | D:1      | 787 ||| READING scroll labelled IROSIS UDAI.
   788 | D:1      | 788 ||| READING scroll labelled DUOCAS ESOULU.
   789 | D:1      | 789 ||| DROPPING scroll of butterflies.
   791 | D:1      | 791 ||| Stepping ~*~*~tactically~*~*~ (cloud).
   794 | D:1      | HP: 5/20 [poisoned by you (poison gas)]
   996 | D:2      | Found a white marble altar of Elyvilon.
  1219 | D:2      | Reached skill level 7 in Ranged Weapons
  1349 | D:2      | 1349 ||| READING scroll labelled YLABAD DAEPN.
  1350 | D:2      | 1350 ||| READING scroll labelled YKKEEN ORIFIPTIPN.
  1435 | D:3      | Reached XP level 4. HP: 25/25 MP: 6/6
  1470 | D:3      | 1470 ||| Stepping ~*~*~tactically~*~*~ (outnumbered).
  1472 | D:3      | 1472 ||| Stepping ~*~*~tactically~*~*~ (outnumbered).
  1483 | D:3      | Reached skill level 8 in Ranged Weapons
  1487 | D:3      | 1487 ||| FLEEEEING.
  1488 | D:3      | 1488 ||| FLEEEEING.
  1489 | D:3      | 1489 ||| FLEEEEING.
  1490 | D:3      | 1490 ||| FLEEEEING.
  1491 | D:3      | 1491 ||| FLEEEEING.
  1492 | D:3      | 1492 ||| FLEEEEING.
  1493 | D:3      | 1493 ||| FLEEEEING.
  1494 | D:3      | 1494 ||| FLEEEEING.
  1495 | D:3      | 1495 ||| FLEEEEING.
  1496 | D:3      | 1496 ||| FLEEEEING.
  1497 | D:3      | 1497 ||| FLEEEEING.
  1498 | D:3      | 1498 ||| FLEEEEING.
  1499 | D:3      | 1499 ||| FLEEEEING.
  1504 | D:3      | 1504 ||| FLEEEEING.
  1505 | D:3      | 1505 ||| FLEEEEING.
  1506 | D:3      | 1506 ||| FLEEEEING.
  1507 | D:3      | 1507 ||| FLEEEEING.
  1508 | D:3      | 1508 ||| FLEEEEING.
  1509 | D:3      | 1509 ||| FLEEEEING.
  1510 | D:3      | 1510 ||| FLEEEEING.
  1511 | D:3      | 1511 ||| FLEEEEING.
  1513 | D:3      | HP: 6/25 [orc priest/divine providence (15)]
  1516 | D:3      | Slain by an orc

Levels and vault maps discovered:
D:1:      dpeg_arrival_rooms_b, layout_basic, minmay_crystal_water
D:2:      layout_basic, basic_altar
D:3:      layout_basic

Skill      XL: |  1  2  3  4 |
---------------+-------------+-----
Ranged Weapons | 6 7 8 |  8.1
Fighting       | |  1.5
Dodging        | |  2.4
Stealth        | |  1.2

Action                     |  1- 3 |  4- 6 || total
---------------------------+-------+-------++-------
   Fire: Shortbow          |   129 |    34 ||   163
    Use: Scroll            |     7 |       ||     7
 Armour: Leather armour    |    21 |     2 ||    23
  Dodge: Dodged            |    41 |     8 ||    49

Table legend:
 A = Non-vault XP
 B = Vault XP
 C = Vault XP percentage of total XP
 D = Non-vault monster count
 E = Vault monster count
 F = Vault count percentage of total count
                 A         B        C        D         E       F
            +---------+---------+-------+---------+---------+-------
      Total |     164 |       0 |   0.0 |      58 |       0 |   0.0
            +---------+---------+-------+---------+---------+-------
        D:1 |      43 |       0 |   0.0 |      23 |       0 |   0.0
        D:2 |      27 |       0 |   0.0 |      16 |       0 |   0.0
        D:3 |      94 |       0 |   0.0 |      19 |       0 |   0.0
            +---------+---------+-------+---------+---------+-------
